 Dungeon Crawl Stone Soup version 0.22-a0-113-gdd6f4a9 (webtiles) character file.

76 Kavrick the Shield-Bearer (level 4, 0/35 HPs)
             Began as a Human Fighter on Jan 28, 2018.
             Succumbed to a kobold's poison
             ... on level 2 of the Dungeon.
             The game lasted 00:03:01 (1423 turns).

Kavrick the Shield-Bearer (Human Fighter)           Turns: 1423, Time: 00:03:02

Health: 0/35       AC: 12    Str: 18    XL:     4   Next: 57%
Magic:  4/4        EV:  3    Int:  8    God:
Gold:   15         SH:  9    Dex: 12    Spells: 3/3 levels left

rFire    . . .     SeeInvis .   a - +0 long sword
rCold    . . .     Gourm    .   c - +0 shield
rNeg     . . .     Faith    .   h - +0 plate armour
rPois    .         Spirit   .   l - +0 helmet
rElec    .         Reflect  .   (no cloak)
rCorr    .         Harm     .   (no gloves)
MR       .....                  (no boots)
Stlth    ..........             (no amulet)
HPRegen  0.11/turn              (no ring)
MPRegen  0.09/turn              (no ring)

@: lethally poisoned (0 -> -10)
A: no striking features
a: no special abilities


You were on level 2 of the Dungeon.
You were not hungry.

You visited 1 branch of the dungeon, and saw 2 of its levels.

You collected 15 gold pieces.

Inventory:

Hand Weapons
 a - a +0 long sword (weapon)
Armour
 b - a +0 scale mail
 c - a +0 shield (worn)
 h - a +0 plate armour (worn)
 l - a +0 helmet (worn)
Scrolls
 e - a scroll of teleportation {unknown}
 g - a scroll of identify {unknown}
 i - a scroll of remove curse {unknown}
 k - a scroll of enchant armour {unknown}
Potions
 d - a potion of might
Comestibles
 f - a ration
 j - 6 chunks of flesh


   Skills:
 + Level 3.4 Fighting
 * Level 3.1 Long Blades
 + Level 3.4 Armour
 + Level 3.5 Shields


You had 3 spell levels left.
You didn't know any spells.

Dungeon Overview and Level Annotations

Branches:
Dungeon (2/15)

Altars:


Message History

You feel sick.
There is a lethal amount of poison in your body!
There is a lethal amount of poison in your body!
* * * LOW HITPOINT WARNING * * *
You feel sick.
Things that are here:
a dagger of venom; a kobold corpse
* * * LOW HITPOINT WARNING * * *
You feel sick.
* * * LOW HITPOINT WARNING * * *
You feel sick.
* * * LOW HITPOINT WARNING * * *
You feel sick.
* * * LOW HITPOINT WARNING * * *
You feel sick.
* * * LOW HITPOINT WARNING * * *
You feel sick.
* * * LOW HITPOINT WARNING * * *
You feel sick.
You die...

#
#.#...รท.......#.#.#.#.##......
.
#.#.#'##.####.#.#.#.#.##.#####
. #.#.#.)#.#..#.#.#.#......# .
#.#.#..'.+..#.#.#.###..#######
.#.####.##'#.#.#.#.#.........
#......)....#.#.#.#.##.#####
#.####.##+#.#.#.#....<...... #.
#.# #.#...#.#.#.#.#### +.+
#@#.###.#.#...#... #.# #.#.#
#.#.#....... ... ..#.#
#.#.######## #.# ##.#.#
#.#......... #.# #.#.#
#.########## #.#)# #.#
#.#)###.# ..#.....# #.#######


There were no monsters in sight!

Vanquished Creatures
  4 adders (D:2)
  14 goblins
  4 hobgoblins
  A jackal (D:1)
  A quokka (D:2)
  4 bats
  3 frilled lizards
  5 kobolds
  3 rats (D:1)
39 creatures vanquished.

Notes
Turn   | Place    | Note
-------+----------+-------------------------------------------
     0 | D:1      | Kavrick the Human Fighter began the quest for the Orb.
     0 | D:1      | Reached XP level 1. HP: 18/18 MP: 1/1
   144 | D:1      | Reached XP level 2. HP: 20/24 MP: 2/2
   912 | D:2      | Reached XP level 3. HP: 29/29 MP: 3/3
  1218 | D:2      | Reached XP level 4. HP: 35/35 MP: 4/4
  1421 | D:2      | HP: 1/35 [poisoned by a kobold]
  1423 | D:2      | Succumbed to a kobold's poison

Vault maps used:
D:1:      nzn_arrival_crosshair, minmay_octomino_j4
D:2:      minmay_door_path, lemuel_doored_altar,
          amethyst_overflow_temple_binary, old_standard_altar,
          grunt_dithmenos_smoke, uniq_robin

Skill      XL: |  1  2  3 |
---------------+----------+-----
Long Blades    | 3 |  3.1
Fighting       | |  3.4
Armour         | |  3.4
Shields        | |  3.5

Action                   |  1- 3 |  4- 6 || total
-------------------------+-------+-------++-------
Melee: Long sword        |   156 |    39 ||   195
  Eat: Chunk             |     1 |     1 ||     2
Armor: Plate armour      |   103 |    20 ||   123
Dodge: Dodged            |     9 |     4 ||    13
Block: Shield            |    77 |    19 ||    96
       Rpst.: Long sword |     2 |     2 ||     4

Table legend:
 A = Spawn XP
 B = Non-spawn XP
 C = Spawn XP percentage of total XP
 D = Spawn monster count
 E = Non-spawn monster count
 F = Spawn count percentage of total count
 G = Total turns spent on level
                    A         B        C        D         E        F      G
               +---------+---------+-------+---------+---------+-------+---------
         Total |       0 |     109 |   0.0 |       0 |      39 |   0.0 |  1423
               +---------+---------+-------+---------+---------+-------+---------
           D:1 |       0 |      28 |   0.0 |       0 |      19 |   0.0 |   888
           D:2 |       0 |      81 |   0.0 |       0 |      20 |   0.0 |   535
               +---------+---------+-------+---------+---------+-------+---------
